 Dungeon Crawl Stone Soup version 0.20.0-3-g22ec75f (webtiles) character file.

546 Chiseanne the Chopper (level 7, -9/61 HPs)
             Began as a Minotaur Monk on May 27, 2017.
             Was a Believer of Makhleb.
             Killed by nerve-wracking pain
             ... invoked by an orc priest
              (14 damage)
             ... on level 4 of the Dungeon.
             The game lasted 00:12:30 (3276 turns).

Chiseanne the Chopper (Minotaur Monk)               Turns: 3276, Time: 00:12:31

Health: -9/61      AC: 10    Str: 16    XL:     7   Next: 6%
Magic:  6/6        EV: 11    Int:  7    God:    Makhleb [**....]
Gold:   26         SH:  0    Dex: 14    Spells: 6/6 levels left

rFire    . . .     SeeInvis .   a - +1 hand axe
rCold    . . .     Gourm    .   (no shield)
rNeg     . . .     Faith    .   A - +0 chain mail
rPois    .         Spirit   .   (helmet restricted)
rElec    .         Reflect  .   (no cloak)
rCorr    .         Harm     .   q - +0 pair of gloves
MR       .....                  (no boots)
Stlth    ..........             (no amulet)
Regen    0.2/turn               y - +2 ring of evasion
MPRegen  0.1/turn               (no ring)

@: no status effects
A: retaliatory headbutt, horns 2
a: Minor Destruction, Renounce Religion


You were on level 4 of the Dungeon.
You worshipped Makhleb.
Makhleb was pleased with you.
You were not hungry.

You visited 1 branch of the dungeon, and saw 4 of its levels.

You collected 84 gold pieces.
You spent 58 gold pieces at shops.

Inventory:

Hand Weapons
 a - a +1 hand axe (weapon)
 d - a +0 dagger of venom
 s - a +1 dire flail of crushing
 w - a +0 blowgun
Missiles
 h - 51 stones (quivered)
 i - 2 javelins
 m - 36 bolts
 r - 28 poisoned needles
 t - 37 arrows
Armour
 q - a +0 pair of gloves (worn)
 A - a +0 chain mail (worn)
Jewellery
 y - a +2 ring of evasion (left hand)
Scrolls
 g - 3 scrolls of teleportation
 k - a scroll of amnesia
Potions
 f - a potion of flight {unknown}
 n - a potion of brilliance {unknown}
 p - a potion of agility
 z - 2 potions of resistance {unknown}
Books
 x - a book of Maledictions

   Spells                             Type                      Level
   a - Corona                         Hexes                        1
   b - Ensorcelled Hibernation        Hexes/Ice                    2
   c - Confuse                        Hexes                        3
   d - Tukima's Dance                 Hexes                        3
   e - Dazzling Spray                 Conjuration/Hexes            3
Comestibles
 b - a fruit
 c - 3 bread rations
 l - 2 meat rations
 o - 4 chunks of flesh
 u - a royal jelly


   Skills:
 * Level 5.0 Fighting
 * Level 6.4 Axes
 * Level 4.7 Armour
 - Level 4.5 Dodging
 - Level 1.5 Stealth
 * Level 1.2 Invocations


You had 6 spell levels left.
You didn't know any spells.

Dungeon Overview and Level Annotations

Branches:
Dungeon (4/15)
 Temple: D:4-7

Altars:
Hepliaklqana
Makhleb
Nemelex Xobeh
Vehumet

Shops:
D:4 [


Innate Abilities, Weirdness & Mutations

You reflexively headbutt those who attack you in melee.
You have a pair of horns on your head.


Message History

You hit the orc priest. Your headbutt misses the orc priest.
The orc priest is moderately wounded.
You hit the orc warrior but do no damage.
The orc warrior barely misses you. You furiously retaliate!
You headbutt the orc warrior.
The orc priest invokes the aid of Beogh against you.
Beogh smites you!
* * * LOW HITPOINT WARNING * * *
You feel better.
The orc warrior hits you with a trident.
* * * LOW HITPOINT WARNING * * *
The orc priest hits you but does no damage.
The orc closely misses you. You furiously retaliate!
You headbutt the orc.
You feel better.
The orc throws a tomahawk.
The tomahawk hits you but does no damage.
The orc warrior hits you with a trident!
* * * LOW HITPOINT WARNING * * *
The orc priest calls down the wrath of Beogh upon you.
Pain shoots through your body!
You die...

......##########......###
..###....................
..### ###########...####
....### ###....#...# #
#.....#### #...####......#
##.##....###.########.....
#..............o.(........
...#######.....o(#########
##...# #.#####@## ###.##
#.# #oo# ####..####.# ##.#
..##.......# #.r
.........### ....
..##.....# .....
..######## ....... ..#
>....... ..# ..........


You could see an orc warrior, an orc priest, 2 orcs and a quokka.

Vanquished Creatures
  Edmund (D:4)
  An ogre (D:4)
  A phantom (D:4)
  A bullfrog skeleton (D:4)
  An orc wizard (D:3)
  2 worker ants (D:4)
  A hound skeleton (D:4)
  3 gnolls (D:3)
  5 adders
  An adder skeleton (D:4)
  A worm (D:3)
  2 dart slugs
  3 leopard geckos
  6 orcs
  A ball python (D:3)
  4 giant cockroaches
  8 goblins
  6 hobgoblins
  3 jackals (D:2)
  6 kobolds
  A quokka (D:2)
  6 bats
  5 frilled lizards
  A jackal skeleton (D:4)
  A leopard gecko skeleton (D:4)
  5 rats
76 creatures vanquished.

Notes
Turn   | Place    | Note
-------+----------+-------------------------------------------
     0 | D:1      | Chiseanne the Minotaur Monk began the quest for the Orb.
     0 | D:1      | Reached XP level 1. HP: 19/19 MP: 0/0
   217 | D:1      | Reached skill level 4 in Axes
   217 | D:1      | Reached XP level 2. HP: 27/27 MP: 1/1
   226 | D:1      | Found a sparkling altar of Nemelex Xobeh.
   517 | D:2      | Reached XP level 3. HP: 33/33 MP: 2/2
   758 | D:2      | Reached skill level 1 in Armour
   914 | D:2      | Reached XP level 4. HP: 36/40 MP: 3/3
  1289 | D:3      | Reached skill level 5 in Axes
  1673 | D:3      | Reached XP level 5. HP: 35/46 MP: 4/4
  2363 | D:4      | Noticed a phantom
  2702 | D:4      | Killed a phantom
  2702 | D:4      | Reached XP level 6. HP: 38/53 MP: 5/5
  2796 | D:4      | Found a hazy altar of Hepliaklqana.
  2801 | D:4      | Found a radiant altar of Vehumet.
  2801 | D:4      | Found a burning altar of Makhleb.
  2813 | D:4      | Became a worshipper of Makhleb the Destroyer
  2813 | D:4      | Reached * piety under Makhleb
  2813 | D:4      | Reached ** piety under Makhleb
  2842 | D:4      | Noticed Edmund
  2867 | D:4      | Killed Edmund
  2867 | D:4      | Reached skill level 6 in Axes
  3075 | D:4      | Found Huwenulus's Armour Boutique.
  3077 | D:4      | Reached skill level 5 in Fighting
  3077 | D:4      | Reached skill level 1 in Invocations
  3077 | D:4      | Reached XP level 7. HP: 61/61 MP: 6/6
  3089 | D:4      | Bought a +0 pair of gloves for 58 gold pieces
  3276 | D:4      | Killed from afar by an orc priest

Skill      XL: |  1  2  3  4  5  6 |
---------------+-------------------+-----
Axes           | 4 5 6 |  6.4
Fighting       | 4 5 |  5.0
Armour         | 1 2 3 4 |  4.7
Dodging        | 4 |  4.5
Invocations    | 1 |  1.2
Stealth        | |  1.5

Action                   |  1- 3 |  4- 6 |  7- 9 || total
-------------------------+-------+-------+-------++-------
Melee: Hand axe          |    62 |   139 |    11 ||   212
       Headbutt          |    11 |    30 |     3 ||    44
  Use: Scroll            |       |    10 |     1 ||    11
       Potion            |       |     2 |     2 ||     4
 Stab: Sleeping          |     1 |     2 |       ||     3
  Eat: Chunk             |       |     5 |     3 ||     8
Armor: Leather armour    |    20 |     8 |       ||    28
       Robe              |     2 |       |       ||     2
       Ring mail         |       |    24 |       ||    24
       Chain mail        |       |       |     2 ||     2
Dodge: Dodged            |    59 |    94 |    14 ||   167
